 Dungeon Crawl Stone Soup version 0.30-a0-840-ga523dec638 (webtiles) character file.

Game seed: 8157708151022103102

23597 cforsyth the Unseen (level 13, -4/77 HPs)
             Began as a Kobold Brigand on Mar 2, 2023.
             Was a High Priest of Hepliaklqana.
             Slain by a harpy simulacrum (16 damage)
             ... on level 2 of the Lair of Beasts.
             The game lasted 00:26:34 (18705 turns).

cforsyth the Unseen (Kobold Brigand)               Turns: 18705, Time: 00:26:34

Health: -4/77      AC: 19    Str:  8    XL:     13   Next: 36%
Magic:  13/13      EV: 24    Int: 13    God:    Hepliaklqana [*****.]
Gold:   892        SH:  0    Dex: 21    Spells: 12/12 levels left

rFire   . . .      SeeInvis +    v - +1 short sword (protect)
rCold   . . .      Faith    .    (no shield)
rNeg    . . .      Spirit   .    p - +2 leather armour {rPois}
rPois   +          Reflect  .    c - +1 helmet
rElec   .          Harm     .    o - +2 cloak
rCorr   +          Rampage  .    O - +0 pair of gloves
Will    .....                    P - +0 pair of boots
Stlth   +++++++                  (no amulet)
HPRegen 0.32/turn                H - ring of resist corrosion
MPRegen 0.13/turn                b - ring of see invisible

@: under a protective aura
A: reduced essence, small, no large weapons, nightstalker 3
a: Renounce Religion, Recall Ancestor, Ancestor Identity, Transference, Idealise


You were on level 2 of the Lair of Beasts.
You worshipped Hepliaklqana.
Hepliaklqana was extremely pleased with you.
You visited 3 branches of the dungeon, and saw 15 of its levels.
You also visited: Ossuary and Gauntlet.

You collected 1017 gold pieces.
You spent 125 gold pieces at shops.

Inventory:

Hand Weapons
 a - a +2 dagger of venom
 v - a +1 short sword of protection (weapon)
 K - a +2 antimagic dagger
Missiles
 d - 37 poisoned darts (quivered)
 e - 3 curare-tipped darts
Armour
 c - a +1 helmet (worn)
 o - a +2 cloak (worn)
 p - a +2 leather armour of poison resistance (worn)
 O - a +0 pair of gloves (worn)
 P - a +0 pair of boots (worn)
Jewellery
 b - a ring of see invisible (right hand)
 k - the ring of Optimism {rPois Will+ AC+4 Int+3}
   (You found it in a Gauntlet)

   [ring of protection]

   AC:        It affects your AC (+4).
   Int:       It affects your intelligence (+3).
   rPois:     It protects you from poison.
   Will:      It increases your willpower.
 A - a +6 ring of intelligence
 H - a ring of resist corrosion (left hand)
Wands
 y - a wand of flame (15)
 B - a wand of charming (9)
 D - a wand of polymorph (12)
 J - a wand of acid (11)
 N - a wand of roots (4)
Scrolls
 g - 7 scrolls of teleportation
 i - 6 scrolls of identify
 j - 3 scrolls of fog
 n - 3 scrolls of magic mapping
 q - a scroll of amnesia
 s - 5 scrolls of immolation
 w - a scroll of blinking
 x - 4 scrolls of enchant armour
 z - 2 scrolls of fear
 G - 2 scrolls of vulnerability
 L - a scroll of poison
Potions
 f - 9 potions of curing
 h - 4 potions of brilliance
 l - 3 potions of attraction
 r - 3 potions of mutation
 t - a potion of cancellation
 C - 2 potions of lignification
 E - 5 potions of flight
 F - 4 potions of might
 I - a potion of ambrosia


   Skills:
 + Level 12.1 Fighting
 + Level 14.2 Short Blades
 - Level 2.1 Throwing
 + Level 13.0 Dodging
 + Level 15.9 Stealth


You had 12 spell levels left.
You didn't know any spells.
Your spell library contained the following spells:

 Spells                   Type           Power      Damage    Failure   Level
 Apportation              Tloc           0%         N/A       41%         1
 Foxfire                  Conj/Fire      0%         2x1d4     41%         1
 Kiss of Death            Conj/Necr      0%         2d5       41%         1
 Necrotise                Necr           0%         1d4       41%         1
 Slow                     Hex            0%         N/A       41%         1
 Summon Small Mammal      Summ           0%         N/A       41%         1
 Poisonous Vapours        Pois/Air       0%         N/A       56%         2
 Scorch                   Fire           0%         2d5       56%         2
 Confusing Touch          Hex            0%         N/A       80%         3
 Frozen Ramparts          Ice            0%         1d1       80%         3
 Gell's Gravitas          Tloc           0%         N/A       80%         3
 Teleport Other           Tloc           0%         N/A       80%         3
 Vampiric Draining        Necr           0%         2d6       80%         3
 Ice Form                 Ice/Tmut       0%         N/A       99%         4
 Manifold Assault         Tloc           0%         N/A       99%         4
 Olgreb's Toxic Radiance  Pois           0%         N/A       99%         4
 Summon Ice Beast         Ice/Summ       0%         N/A       99%         4
 Borgnjor's Vile Clutch   Necr/Erth      0%         N/A       100%        5
 Dispersal                Tloc           0%         N/A       100%        6
 Ozocubu's Refrigeration  Ice            0%         4d7       100%        7
 Disjunction              Tloc           0%         N/A       100%        8
 Ignition                 Fire           0%         3d3       100%        8


Dungeon Overview and Level Annotations

Branches:
Dungeon (12/15)            Temple (1/1) D:6            Lair (2/5) D:11
 Spider (0/4) Lair:2          Orc (0/2) D:10        Ossuary (visited)
Gauntlet (visited)
  Swamp: Lair:2-3    Shoals: Lair:2-3

Altars:
Ashenzari
Cheibriados
Dithmenos
Elyvilon
Fedhas
Gozag
Hepliaklqana
Kikubaaqudgha
Makhleb
Nemelex Xobeh
Okawaru
Qazlal
Ru
Sif Muna
Trog
Uskayaw
Vehumet
Wu Jian
Xom
Yredelemnul
Zin
The Shining One

Shops:
D:1 (   D:3 *   D:5 *   D:7 *   D:8 (

Annotations:
D:9 4 runed translucent doors


Innate Abilities, Weirdness & Mutations

Your life essence is reduced to manifest your ancestor. (-10% HP)
You are small and have problems with some larger weapons.
You are completely attuned to the shadows.


Message History

Nebetia points at the two-headed ogre simulacrum and mumbles some strange words.
The two-headed ogre simulacrum resists with significant effort.
You catch the helpless two-headed ogre simulacrum completely off-guard!
You perforate the two-headed ogre simulacrum like a sieve!!!
The two-headed ogre simulacrum vaporises!
The ice devil hits you but does no damage.
You closely miss the ice devil.
The ice devil is lightly wounded.
The harpy simulacrum barely misses Nebetia.
The harpy simulacrum closely misses Nebetia.
You barely miss the ice devil.
The ice devil is lightly wounded.
The ice devil completely misses you.
You puncture the ice devil!
The ice devil is lightly wounded.
The harpy simulacrum completely misses you.
The harpy simulacrum closely misses you.
Nebetia hits the ice devil but does no damage.
You closely miss the ice devil.
The ice devil is lightly wounded.
The harpy simulacrum completely misses you. x2
The harpy simulacrum claws you. The harpy simulacrum freezes you!
The harpy simulacrum claws you. The harpy simulacrum freezes you!!
* * * LOW HITPOINT WARNING * * *
Nebetia hits the ice devil with a +0 dagger of draining.
The ice devil closely misses you.
You are too injured to fight recklessly!
You are too injured to fight recklessly!
You are too injured to fight recklessly!
You are too injured to fight recklessly!
You are too injured to fight recklessly!
You are too injured to fight recklessly!
You are too injured to fight recklessly!
You are too injured to fight recklessly!
You puncture the harpy simulacrum!
The harpy simulacrum is heavily damaged.
The harpy simulacrum claws you!
* * * LOW HITPOINT WARNING * * *
The harpy simulacrum freezes you!
You die...

#####
#~≈≈#############
#~~≈≈≈≈..~...4...
#~~~~≈~~.~..@R...
###.#~~~~~~~~~Z°...
#......~~~~~~≈~~~..
#.#.#.....~~~~~~~~~
##......(.....~~~~~
##.........#....
#..........
##..........##
#..........PP


You could see the friendly Nebetia the hexer, an ice devil (ally target) and a
harpy simulacrum.

Vanquished Creatures
  A minotaur (Gauntlet)
  An entropy weaver (Gauntlet)
  A boulder beetle (D:9)
  A death yak (Lair:2)
  A two-headed ogre (D:9)
  A tengu warrior (D:10)
  A skeletal warrior (D:8)
  A skyshark (Lair:1)
  Pikel (D:5)
  An orc knight (D:10)
  A manticore (D:12)
  2 cyclopes (D:12)
  A moth of wrath (shapeshifter) (D:10)
  A black mamba (Lair:1)
  A cane toad (Lair:1)
  Maggie (D:8)
  Psyche (D:11)
  A rime drake (Lair:2)
  A freezing wraith (D:10)
  3 komodo dragons
  4 trolls
  A meliai (Lair:2)
  Prince Ribbit (D:6)
  A hornet (D:5)
  A jumping spider (Gauntlet)
  3 wraiths (D:8)
  A vampire (D:10)
  20 yaks
  2 wyverns
  A water elemental (D:11)
  2 shadows
  2 basilisks
  2 fire bats (Gauntlet)
  A redback (Gauntlet)
  A steam dragon (D:7)
  3 vampire mosquitoes
  Edmund (D:4)
  An acid dragon (D:11)
  2 water moccasins
  A black bear (D:6)
  4 orc warriors
  5 centaurs
  An ogre (D:6)
  2 lemures (D:5)
  A two-headed ogre simulacrum (Lair:2)
  5 bullfrogs
  2 necrophages
  2 scorpions
  A gnoll sergeant (D:11)
  A wight (D:10)
  4 killer bees (Lair:2)
  5 howler monkeys
  3 electric eels (D:11)
  A centaur zombie (Ossuary)
  Crazy Yiuf (D:2)
  6 hounds
  4 orc priests
  2 jellies
  Jessica (D:2)
  2 iguanas
  5 orc wizards
  A mummy (Ossuary)
  Robin (D:3)
  2 gnolls (D:11)
  5 adders
  2 ufetubi (D:6)
  2 worms
  2 dart slugs
  29 orcs
  5 endoplasms
  12 goblins
  9 hobgoblins
  3 jackals (D:3)
  6 kobolds
  3 ball pythons
  6 bats
  4 frilled lizards
  2 goblin zombies (Ossuary)
  8 hobgoblin zombies (Ossuary)
  A jackal zombie (Ossuary)
  6 kobold zombies (Ossuary)
  5 orc zombies (Ossuary)
  2 rats
248 creatures vanquished.

Vanquished Creatures (collateral kills)
  A hydra (D:10)
  An ugly thing (D:11)
  Joseph (D:7)
  An unseen horror (D:10)
  A troll (D:12)
  2 shadows (D:10)
  3 yaks
  A water moccasin (Lair:1)
  An orc warrior (D:7)
  An ice beast (D:7)
  An ogre (D:7)
  A black bear (D:5)
  A centaur (D:10)
  An elf zombie (Ossuary)
  A lemure (D:5)
  2 bullfrogs (D:8)
  An elephant simulacrum (Lair:2)
  2 howler monkeys (D:12)
  2 electric eels (D:11)
  A centaur zombie (Ossuary)
  A human zombie (Ossuary)
  4 orc priests
  6 orc wizards
  2 gnolls (D:11)
  An adder (D:5)
  7 orcs
  A goblin (D:7)
  5 hobgoblin zombies (Ossuary)
  A kobold zombie (Ossuary)
  3 orc zombies (Ossuary)
  2 rat zombies (Ossuary)
59 creatures vanquished.

Vanquished Creatures (others)
  6 hexers
  An ancestor (D:5)
  4 fungi
  4 plants
15 creatures vanquished.

Grand Total: 322 creatures vanquished

Notes
Turn   | Place    | Note
-------+----------+-------------------------------------------
     0 | D:1      | cforsyth the Kobold Brigand began the quest for the Orb.
     0 | D:1      | Reached XP level 1. HP: 12/12 MP: 1/1
   395 | D:1      | Found Jeimikki's Weapon Shop.
   426 | D:1      | Reached XP level 2. HP: 18/18 MP: 2/2
   870 | D:2      | Noticed Jessica
   891 | D:2      | Reached XP level 3. HP: 8/22 MP: 3/3
   896 | D:2      | Killed Jessica
  1213 | D:2      | Reached XP level 4. HP: 25/27 MP: 4/4
  1558 | D:2      | Reached skill level 6 in Stealth
  1789 | D:2      | Noticed Robin
  2009 | D:3      | Killed Robin
  2503 | D:2      | Found a runed translucent door.
  2506 | D:2      | Noticed Crazy Yiuf
  2511 | D:2      | Killed Crazy Yiuf
  2512 | D:2      | Reached XP level 5. HP: 32/32 MP: 5/5
  3043 | D:3      | Found Gozag's Platinum Reserve.
  3043 | D:3      | Found an opulent altar of Gozag.
  3141 | D:3      | Found a hazy altar of Hepliaklqana.
  3141 | D:3      | Found a glowing golden altar of the Shining One.
  3249 | D:3      | Became a worshipper of Hepliaklqana the Forgotten
  3490 | D:3      | Reached XP level 6. HP: 37/37 MP: 6/6
  3596 | D:4      | Noticed Edmund
  3679 | D:4      | Killed Edmund
  3680 | D:4      | Reached skill level 7 in Stealth
  3774 | D:4      | Reached skill level 5 in Short Blades
  3857 | D:4      | Got the Grimoire of Rotting Nephomancy
  3930 | D:4      | Found the +3 pair of seven-league boots {Rampage+∞}
  3973 | D:4      | Reached XP level 7. HP: 41/43 MP: 7/7
  4551 | D:5      | Entered Level 5 of the Dungeon
  4665 | D:5      | Noticed a hornet
  4666 | D:5      | Found Xitwas's Assorted Antiques.
  4821 | D:6      | Reached * piety under Hepliaklqana
  5025 | D:6      | Reached XP level 8. HP: 43/43 MP: 8/8
  5081 | D:6      | Found a staircase to the Ecumenical Temple.
  5169 | D:6      | Noticed Prince Ribbit
  5174 | D:6      | Killed Prince Ribbit
  5175 | D:6      | Reached skill level 5 in Fighting
  5175 | D:6      | Reached skill level 5 in Dodging
  5175 | D:6      | Reached skill level 8 in Stealth
  5309 | D:6      | Got the Opusculum on the Torrid Map
  5562 | Temple   | Entered the Ecumenical Temple
  5681 | D:5      | Noticed Pikel
  6165 | D:5      | Killed Pikel
  6166 | D:5      | Reached skill level 9 in Stealth
  6166 | D:5      | Reached XP level 9. HP: 17/49 MP: 9/9
  6409 | D:5      | Killed a hornet
  6537 | D:5      | Bought a glowing golden potion for 24 gold pieces
  6537 | D:5      | Bought a white potion for 24 gold pieces
  6537 | D:5      | Bought a fuming grey potion for 24 gold pieces
  6537 | D:5      | Bought a scroll labelled AKHLOZX GOOWYEH for 27 gold pieces
  6959 | D:7      | Reached skill level 10 in Stealth
  6961 | D:7      | Found Felinlei's Assorted Antiques.
  6964 | D:7      | Bought a scroll labelled SYACER WILO for 26 gold pieces
  7014 | D:7      | Reached ** piety under Hepliaklqana
  7015 | D:7      | Remembered your ancestor Nebetia as a hexer
  7021 | D:7      | Noticed Joseph
  7031 | D:7      | Killed Joseph
  7038 | D:7      | Found a sand-covered staircase.
  7045 | Ossuary  | Entered an ossuary
  7428 | D:7      | Reached XP level 10. HP: 56/56 MP: 10/10
  7844 | D:7      | Reached skill level 11 in Stealth
  8210 | D:7      | Found an iron altar of Okawaru.
  8320 | D:8      | Noticed a two-headed ogre
  8462 | D:8      | Noticed a skeletal warrior
  8991 | D:8      | Killed a skeletal warrior
  8992 | D:8      | Reached skill level 10 in Short Blades
  9254 | D:8      | Reached skill level 12 in Stealth
  9320 | D:8      | Found Izoadisch's Antique Weapon Shop.
  9960 | D:8      | Found the +5 scythe "Finisher" {speed, eviscerate}
 10048 | D:8      | Noticed Maggie
 10092 | D:8      | Killed Maggie
 10243 | D:9      | Reached *** piety under Hepliaklqana
 10282 | D:9      | Reached XP level 11. HP: 55/62 MP: 11/11
 10290 | D:9      | Noticed a two-headed ogre
 10308 | D:9      | Killed a two-headed ogre
 10594 | D:9      | Found a runed translucent door.
 10614 | D:9      | Found a runed translucent door.
 10654 | D:9      | Found a runed translucent door.
 10665 | D:9      | Found a runed translucent door.
 10704 | D:9      | Found a blossoming altar of Fedhas.
 10775 | D:9      | Reached skill level 10 in Dodging
 10917 | D:9      | Reached skill level 13 in Stealth
 11086 | D:10     | Entered Level 10 of the Dungeon
 11102 | D:10     | Noticed a tengu warrior
 11135 | D:10     | Killed a tengu warrior
 11247 | D:10     | Found a white marble altar of Elyvilon.
 11392 | D:10     | Reached skill level 10 in Fighting
 11728 | D:10     | Found a staircase to the Orcish Mines.
 11758 | D:10     | Reached **** piety under Hepliaklqana
 11765 | D:10     | Noticed a skeletal warrior
 11767 | D:10     | Noticed an orc knight
 12252 | D:10     | Identified the +1 trident "Sioghaox" {flame, *Slow rPois
                  | rN++ Stlth+}
 12281 | D:10     | Noticed a boulder beetle
 12310 | D:9      | Killed a boulder beetle
 12311 | D:9      | Reached XP level 12. HP: 19/69 MP: 10/12
 12515 | D:10     | Noticed a five-headed hydra
 12799 | D:10     | Killed a five-headed hydra
 12800 | D:10     | Reached skill level 14 in Stealth
 13137 | D:10     | Found a broken altar of Ashenzari.
 14412 | D:11     | Noticed Psyche
 14423 | D:11     | Killed Psyche
 14766 | D:11     | Found a staircase to the Lair.
 15261 | D:12     | Reached skill level 15 in Stealth
 16461 | Lair:1   | Entered Level 1 of the Lair of Beasts
 16503 | Lair:1   | Found a gate leading to a gauntlet.
 16514 | Gauntlet | Entered a Gauntlet
 16514 | Gauntlet | Found a transporter.
 16520 | Gauntlet | Found a transporter.
 16556 | Gauntlet | Found a transporter.
 16569 | Gauntlet | Noticed a wretched star
 16581 | Gauntlet | Noticed an entropy weaver
 16591 | Gauntlet | Found a transporter.
 16591 | Gauntlet | Found a transporter.
 16604 | Gauntlet | Found a transporter.
 16614 | Gauntlet | Noticed a sixfirhy
 16617 | Gauntlet | Found a transporter.
 16620 | Gauntlet | Noticed a sixfirhy
 16623 | Gauntlet | Noticed a sixfirhy
 16652 | Gauntlet | Found a transporter.
 16657 | Gauntlet | Noticed an anaconda
 16686 | Gauntlet | Found a transporter.
 16686 | Gauntlet | Found a transporter.
 16738 | Gauntlet | Noticed a fire crab
 16769 | Gauntlet | Noticed a boulder beetle
 16769 | Gauntlet | a boulder beetle changed into a bunyip
 16769 | Gauntlet | Noticed a bunyip (glowing shapeshifter)
 16836 | Gauntlet | Killed an entropy weaver
 16837 | Gauntlet | Reached XP level 13. HP: 37/75 MP: 13/13
 17150 | Gauntlet | Identified the ring of Optimism {rPois Will+ AC+4 Int+3}
 17456 | Gauntlet | Reached ***** piety under Hepliaklqana
 17460 | Gauntlet | Noticed a minotaur
 17472 | Gauntlet | HP: 5/114 [minotaur/+3 mace (4)]
 17474 | Gauntlet | Killed a minotaur
 18598 | Lair:2   | Found a hole to the Spider Nest.
 18705 | Lair:2   | Slain by a harpy simulacrum

Illustrated notes

Levels and vault maps discovered:
D:1:      nicolae_arrival_somewhat_less_tricky_arrival, layout_loops_cross,
          serial_shops, nicolae_shop_bloodbath_and_beyond
D:2:      layout_basic, kennysheep_generic_room_11, uniq_jessica,
          uniq_crazy_yiuf_cottage, uniq_robin
D:3:      layout_loops_ring, nicolae_gozag_zags_fifth_avenue,
          gammafunk_temple_overflow_pools, minmay_misc_feat_tower, minivault_27,
          minmay_misc_feat_pillars
D:4:      layout_loops_ring, uniq_edmund
D:5:      nicolae_cairo_tiling_very_big, layout_loops_ring, serial_shops, shop,
          kennysheep_nub, uniq_pikel
D:6:      layout_loops_ring, minmay_temple_entry_arrows, uniq_prince_ribbit1
D:7:      layout_gridville, kennysheep_okawaru_gauntlet,
          lightli_ossuary_entry_decrepit_ruins, serial_shops, kennysheep_mini,
          nicolae_elevator_lobby_asterisk, uniq_joseph
D:8:      nicolae_hitomezashi [nicolae_hito_row, nicolae_hito_row,
          nicolae_hito_row, nicolae_hito_row, nicolae_hito_row,
          nicolae_hito_row, nicolae_hito_row, nicolae_hito_row,
          nicolae_hito_row, nicolae_hito_row, nicolae_hito_row,
          nicolae_hito_row, nicolae_hito_row, nicolae_hito_row,
          nicolae_hito_row, nicolae_hito_row, nicolae_hito_row,
          nicolae_hito_row], layout_loops_ring, serial_shops,
          nicolae_stop_n_shop_2, kennysheep_flooded_box,
          minmay_guarded_unrand_finisher, uniq_maggie
D:9:      layout_cross, fedhas_altar_4, minmay_statue_crystal_thing
D:10:     minmay_bloctagon, layout_rooms, lemuel_tele_altar,
          mainiacjoe_overflow_alcove_2, orc_0_dummy
D:11:     layout_basic, david_lair_shrubbed, uniq_psyche
D:12:     layout_rooms
Temple:   eino_wide_crystal_templ
Lair:1:   layout_chaotic_city, gauntlet_entry_generic
Lair:2:   dreamdust_isle_of_ice, layout_cave_pods,
          hellmonk_spider_entry_not_the_bees

Skill      XL: |  1  2  3  4  5  6  7  8  9 10 11 12 13 |
---------------+----------------------------------------+-----
Short Blades   | 3 4 5 6 7 9 10 12 13 14 | 14.2
Dodging        | 2 3 4 6 7 9 11 12 13 | 13.0
Fighting       | 3 4 6 7 8 10 11 12 | 12.1
Stealth        | 6 7 9 10 12 13 15 | 15.9
Throwing       | |  2.1

Action                     |  1- 3 |  4- 6 |  7- 9 | 10-12 | 13-15 || total
---------------------------+-------+-------+-------+-------+-------++-------
  Melee: Dagger            |    38 |   128 |       |       |       ||   166
         Punch             |     1 |     2 |     8 |    12 |       ||    23
         Short sword       |       |   135 |   390 |   875 |    97 ||  1497
         Unarmed           |       |       |       |     1 |       ||     1
 Invoke: Ancestor Life: He |       |       |     1 |       |       ||     1
         Recall Ancestor   |       |       |       |     6 |       ||     6
    Use: Scroll            |       |       |    20 |     6 |     1 ||    27
         Potion            |       |       |       |     4 |     6 ||    10
   Stab: Sleeping          |     9 |    20 |    14 |    24 |    11 ||    78
         Distracted        |     1 |     1 |     4 |    19 |     3 ||    28
         Confused          |       |       |     4 |    17 |     6 ||    27
 Armour: Robe              |     6 |    10 |       |       |       ||    16
         Leather armour    |       |    43 |   106 |   141 |    24 ||   314
  Dodge: Dodged            |    17 |   125 |   286 |   570 |    82 ||  1080

Table legend: (Time is in decaauts)
 A = Elapsed time spent in this place.
 B = Non-inter-level travel time spent in this place.
 C = Inter-level travel time spent in this place.
 D = Time resting spent in this place.
 E = Time spent auto-exploring this place.
 F = Levels seen in this place.
 G = Mean time per level.
                   A        B        C        D        E       F      G
               +--------+--------+--------+--------+--------+-----+--------+
         Total |  18111 |  17271 |    840 |   3943 |  10476 |  17 | 1065.4 |
       Dungeon |  15593 |  14810 |    783 |   3076 |   9453 |  12 | 1299.4 |
        Temple |     63 |     50 |     13 |      0 |     36 |   1 |   63.0 |
          Lair |    912 |    870 |     42 |      0 |    721 |   2 |  456.0 |
       Ossuary |    286 |    286 |      0 |      0 |    105 |   1 |  286.0 |
      Gauntlet |   1256 |   1256 |      0 |    867 |    161 |   1 | 1256.0 |
               +--------+--------+--------+--------+--------+-----+--------+

Top non-repeatable levels by time:
     D:9: 1968 daAuts
     D:2: 1682 daAuts
    D:11: 1525 daAuts
    D:10: 1469 daAuts
     D:8: 1453 daAuts
     D:7: 1416 daAuts
Gauntlet: 1256 daAuts
     D:4: 1143 daAuts
     D:3: 1107 daAuts
     D:5: 1098 daAuts
    D:12: 1034 daAuts
     D:6: 930 daAuts
  Lair:1: 801 daAuts
     D:1: 763 daAuts
 Ossuary: 286 daAuts
